 Dungeon Crawl Stone Soup version 0.31.0-11-ge490571c62 (webtiles) character file.

Game seed: 9917249981895525268

224 booth the Chopper (level 6, -2/53 HPs)
             Began as a Hill Orc Fighter on Jan 29, 2024.
             Was an Initiate of Beogh.
             Slain by Duvessa
             ... wielding a +0 short sword
              (10 damage)
             ... on level 4 of the Dungeon.
             The game lasted 00:13:42 (2795 turns).

booth the Chopper (Hill Orc Fighter)                Turns: 2795, Time: 00:13:42

Health: -2/53      AC:  7    Str: 25    XL:     6   Next: 0%
Magic:  6/6        EV:  9    Int: 10    God:    Beogh [......]
Gold:   132        SH:  4    Dex: 10    Spells: 5/5 levels left

rFire   . . .        a - +1 war axe
rCold   . . .        c - +0 buckler
rNeg    . . .        b - +0 scale mail
rPois   .            (no helmet)
rElec   .            (no cloak)
rCorr   .            (no gloves)
SInv    .            (no boots)
Will    .....        (no amulet) Stlth
                     e - +6 ring of strength
HPRegen 0.28/turn    (no ring)
MPRegen 0.10/turn

%: no passive effects
@: lit by a corona, hasted, glowing, very quick
A: no striking features
a: Renounce Religion


You were on level 4 of the Dungeon.
You worshipped Beogh.
Beogh was noncommittal.
You visited 1 branch of the dungeon, and saw 4 of its levels.

You collected 132 gold pieces.

Inventory:

Hand Weapons
 a - a +1 war axe (weapon)
Missiles
 i - 9 boomerangs (quivered)
 l - a throwing net
 r - 9 poisoned darts
Armour
 b - a +0 scale mail (worn)
 c - a +0 buckler (worn)
 h - a scarf of shadows
Jewellery
 e - a +6 ring of strength (left hand)
Scrolls
 k - a scroll of teleportation
 m - a scroll of poison {unknown}
 o - a scroll of enchant armour {unknown}
 s - a scroll of noise {unknown}
Potions
 d - a potion of might
 f - a potion of haste
 j - a potion of brilliance
 n - a potion of enlightenment {unknown}
 p - a potion of invisibility
 q - a potion of attraction {unknown}
 t - a potion of degeneration {unknown}
 v - a potion of resistance {unknown}


   Skills:
 + Level 4.7 Fighting
 * Level 5.3 Axes
 + Level 4.3 Armour
 + Level 4.3 Shields


You had 5 spell levels left.
You didn't know any spells.
Your spell library was empty.

Dungeon Overview and Level Annotations

Branches:
Dungeon (4/15)
 Temple: D:4-7

Altars:
Okawaru
Beogh

Shops:
D:3 *

Annotations:
D:3 thirtiethelement's ghost, amateur DsBe
D:4 Duvessa


Message History

Duvessa hits you with a +0 short sword.
You slash Duvessa!
Duvessa is moderately wounded.
Duvessa closely misses you. Duvessa hits you with a +0 short sword!
You completely miss Duvessa.
Duvessa is moderately wounded.
Duvessa hits you with a +0 short sword. You block Duvessa's attack.
You slash Duvessa!
Duvessa is severely wounded.
Duvessa hits you but does no damage. You block Duvessa's attack.
You slash Duvessa!
Duvessa is severely wounded.
Duvessa closely misses you. Duvessa hits you with a +0 short sword.
You slash Duvessa!
Duvessa is almost dead.
Duvessa hits you with a +0 short sword. x2
* * * LOW HITPOINT WARNING * * *
You feel better. Duvessa barely misses you.
You feel yourself speed up. Duvessa completely misses you.
You block Duvessa's attack.
You hit Duvessa.
Duvessa is almost dead.
Duvessa closely misses you.
You hit Duvessa but do no damage.
Duvessa is almost dead.
Duvessa closely misses you.
You closely miss Duvessa.
Duvessa is almost dead.
Duvessa hits you but does no damage. x2
You hit Duvessa but do no damage.
Duvessa is almost dead.
Duvessa hits you with a +0 short sword!
You barely miss Duvessa.
Duvessa is almost dead.
Duvessa hits you with a +0 short sword!
* * * LOW HITPOINT WARNING * * *
You closely miss Duvessa.
Duvessa is almost dead.
Duvessa hits you with a +0 short sword!
You die...

#####.#
#...#.#
#...#[#
#...#.#
#...#.#
#...#.#
#..e#.#
#..@..#
#...#)# #
#####.### .#
#...##..###
##...[......
#...<..≈§≈..
#.##..§§§§≈.
#.###.§≈_≈§.
#.# .≈§.≈§.


You could see Duvessa (berserk).

Vanquished Creatures
  Dowan (D:4)
  Natasha (twice) (D:2)
  3 gnolls (D:2)
  2 adders
  2 ribbon worms (D:2)
  4 orcs
  10 bats
  7 endoplasms
  4 giant cockroaches
  9 goblins
  A hobgoblin (D:1)
  2 jackals (D:1)
  8 kobolds
  5 quokkas
  5 ball pythons
  A frilled lizard (D:1)
  4 rats
70 creatures vanquished.

Notes
Turn   | Place    | Note
-------+----------+-------------------------------------------
     0 | D:1      | booth the Hill Orc Fighter began the quest for the Orb.
     0 | D:1      | Reached XP level 1. HP: 19/19 MP: 1/1
   190 | D:1      | Reached XP level 2. HP: 27/27 MP: 2/2
   204 | D:1      | Reached skill level 3 in Axes
   400 | D:1      | Reached XP level 3. HP: 33/33 MP: 3/3
   413 | D:1      | Found a faded altar of an unknown god.
   865 | D:2      | Reached skill level 4 in Axes
   865 | D:2      | Reached XP level 4. HP: 38/40 MP: 4/4
   911 | D:2      | Noticed Natasha
   919 | D:2      | Killed Natasha
  1345 | D:2      | Reached XP level 5. HP: 45/47 MP: 5/5
  1428 | D:2      | Noticed Natasha
  1443 | D:2      | Killed Natasha
  1647 | D:3      | Found a runed translucent gate.
  1647 | D:3      | Found a runed translucent gate.
  1650 | D:3      | Found a runed translucent gate.
  1650 | D:3      | Noticed thirtiethelement's ghost (amateur DsBe)
  1651 | D:3      | Found a roughly hewn altar of Beogh.
  1734 | D:3      | Found Iffirel's Assorted Antiques.
  2203 | D:3      | Reached skill level 5 in Axes
  2706 | D:3      | Became a worshipper of Beogh the Brigand
  2764 | D:4      | Found an iron altar of Okawaru.
  2771 | D:4      | Noticed Dowan
  2778 | D:4      | Killed Dowan
  2779 | D:4      | Reached XP level 6. HP: 53/53 MP: 6/6
  2781 | D:4      | Noticed Duvessa
  2795 | D:4      | Slain by Duvessa

Illustrated notes

Levels and vault maps discovered:
D:1:      scummos_arrival_gate, layout_loops_cross, ebering_ecumenical_altar_box
D:2:      layout_basic, uniq_natasha
D:3:      layout_loops_corners, biasface_ghost_orc_armoury, serial_shops,
          nicolae_shop_overgrown_old_shop, minmay_bisected
D:4:      layout_rooms, mainiacjoe_overflow_catwalk,
          chequers_temple_overflow_minitemple,
          minmay_temple_entry_drinking_statues, nicolae_shop_firing_range,
          uniq_duvessa

Skill      XL: |  1  2  3  4  5 |
---------------+----------------+-----
Axes           | 3 4 5 |  5.3
Fighting       | 4 |  4.7
Armour         | 4 |  4.3
Shields        | 4 |  4.3

Action                     |  1- 3 |  4- 6 || total
---------------------------+-------+-------++-------
  Melee: War axe           |    71 |   119 ||   190
  Throw: Boomerang         |     3 |     6 ||     9
    Use: Scroll            |     1 |     3 ||     4
         Potion            |       |     4 ||     4
 Armour: Scale mail        |    61 |    91 ||   152
  Dodge: Dodged            |    44 |    55 ||    99
  Block: Buckler           |    15 |    16 ||    31
